 Dungeon Crawl Stone Soup version 0.21-a0-265-gb353147 (webtiles) character file.

1302 JackS81 the Transmogrifier (level 8, -7/54 HPs)
             Began as a Merfolk Transmuter on Sept 11, 2017.
             Mangled by Duvessa
             ... wielding a +4 rapier of freezing
              (16 damage)
             ... on level 5 of the Dungeon.
             The game lasted 00:31:32 (6321 turns).

JackS81 the Transmogrifier (Merfolk Transmuter)     Turns: 6321, Time: 00:31:32

Health: -7/54      AC:  2    Str: 10    XL:     8   Next: 57%
Magic:  10/11      EV: 13    Int: 14    God:
Gold:   149        SH:  0    Dex: 15    Spells: 1/11 levels left

rFire    x . .     SeeInvis .     - Unarmed
rCold    + . .     Gourm    .   (no shield)
rNeg     . . .     Faith    .   b - +0 robe
rPois    .         Spirit   .   (no helmet)
rElec    .         Reflect  .   (no cloak)
rCorr    .         Harm     .   (no gloves)
MR       .....                  (no boots)
Stlth    +.........             (no amulet)
HPRegen  0.18/turn              q - ring of ice
MPRegen  0.12/turn              n - ring of wizardry

@: no status effects
A: change form in water, swift swim, stealthy swim
a: no special abilities


You were on level 5 of the Dungeon.
You were hungry.

You visited 1 branch of the dungeon, and saw 5 of its levels.

You collected 149 gold pieces.

Inventory:

Hand Weapons
 l - a +1 blowgun
Missiles
 a - 52 arrows
 r - 7 poisoned needles
 u - 3 tomahawks (quivered)
Armour
 b - a +0 robe (worn)
 o - a +0 helmet
Jewellery
 k - an uncursed ring of positive energy
 n - a ring of wizardry (right hand)
 q - a ring of ice (left hand)
 t - an uncursed ring of ice
Wands
 z - a wand of flame (31/48)
Scrolls
 e - a scroll of immolation {unknown}
 f - 3 scrolls of remove curse
 h - 2 scrolls of identify
 j - a scroll of enchant weapon
 m - a scroll of fog {unknown}
 s - 2 scrolls of teleportation
 v - a scroll of enchant armour {unknown}
 y - 2 scrolls of noise
 A - a scroll of recharging {unknown}
Potions
 i - a potion of flight
Books
 c - a book of Changes

   Spells                             Type                      Level
   a - Beastly Appendage              Transmutation                1
   b - Sticks to Snakes               Transmutation                2
   c - Spider Form                    Transmutation/Poison         3
   d - Ice Form                       Ice/Transmutation            4
   e - Blade Hands                    Transmutation                5
Comestibles
 d - 3 bread rations
 g - 8 fruits
 p - 2 royal jellies


   Skills:
 - Level 1.1 Fighting
 - Level 2.6 Dodging
 * Level 9.0 Unarmed Combat
 - Level 2.0 Spellcasting
 * Level 9.1 Transmutations


You had one spell level left.
You knew the following spells:

 Your Spells              Type           Power        Failure   Level  Hunger
a - Beastly Appendage     Tmut           ####..       1%          1    ##.....
b - Sticks to Snakes      Tmut           ####....     1%          2    ###....
c - Spider Form           Tmut/Pois      ##........   4%          3    ####...
d - Ice Form              Ice/Tmut       ###.....     14%         4    #####..


Dungeon Overview and Level Annotations

Branches:
Dungeon (5/15)
 Temple: D:4-7

Altars:
Kikubaaqudgha
Ru
Trog
Yredelemnul

Annotations:
D:5 Duvessa


Message History

Your Unarmed Combat skill increases to level 9!
Duvessa rages.
Duvessa hits you with a rapier of freezing!
You bite Duvessa!
Duvessa is poisoned.
Duvessa is moderately wounded.
Duvessa closely misses you.
You bite Duvessa!
Duvessa looks as sick as possible!
Duvessa is heavily wounded.
Duvessa hits you with a rapier of freezing!
Duvessa freezes you.
Duvessa rages.
Duvessa hits you with a rapier of freezing!
* * * LOW HITPOINT WARNING * * *
Duvessa freezes you.
* * * LOW HITPOINT WARNING * * *
You feel better. Duvessa barely misses you.
Your transformation has ended.
Your +0 robe unmelds from your body.
Duvessa hits you with a rapier of freezing!
You die...

##....# #..# #..#..#
#... ...##..# ..##. ###
#..####.#.# ##.# .
#.........# .#.# #
#####..####[### .#.#
............... .#.##
.....#.##########....#.#
.###...# #..e@.......
##..# #.##........
#..######.##......##
#...........)....##
##.......$......##
########.###.#.# #.#
.#.# #.# .#.# #.#


You could see Duvessa (berserk).

Vanquished Creatures
  The ghost of JackS81 the Changer, an amateur MfTm (D:3)
  Edmund (D:4)
  2 phantoms (D:4)
  4 ogres
  A centaur (D:4)
  A scorpion (D:2)
  Dowan (D:5)
  A howler monkey (D:4)
  A hound (D:5)
  An orc priest (D:4)
  3 orc wizards (D:4)
  2 worker ants (D:4)
  6 adders
  An adder skeleton (D:4)
  2 worms
  2 dart slugs (D:1)
  3 leopard geckos
  13 orcs (D:4)
  5 giant cockroaches
  10 goblins
  9 hobgoblins
  4 jackals (D:4)
  2 quokkas
  6 bats
  6 frilled lizards
  7 kobolds
  A quokka skeleton (D:5)
  5 rats
101 creatures vanquished.

Vanquished Creatures (collateral kills)
  A worm (D:2)
  2 bats (D:3)
  A goblin (D:2)
  A kobold (D:2)
5 creatures vanquished.

Grand Total: 106 creatures vanquished

Notes
Turn   | Place    | Note
-------+----------+-------------------------------------------
     0 | D:1      | JackS81 the Merfolk Transmuter began the quest for the Orb.
     0 | D:1      | Reached XP level 1. HP: 15/15 MP: 3/3
   497 | D:1      | Reached XP level 2. HP: 21/21 MP: 3/5
   555 | D:1      | Learned a level 2 spell: Sticks to Snakes
  1199 | D:1      | Reached XP level 3. HP: 26/26 MP: 4/6
  1334 | D:2      | Learned a level 3 spell: Spider Form
  1376 | D:2      | Found a basalt altar of Yredelemnul.
  1800 | D:2      | Reached XP level 4. HP: 27/32 MP: 1/7
  2122 | D:2      | Noticed an ogre
  2149 | D:2      | Killed an ogre
  2149 | D:2      | Reached skill level 5 in Unarmed Combat
  2149 | D:2      | Reached XP level 5. HP: 4/37 MP: 6/8
  2517 | D:2      | Reached skill level 5 in Transmutations
  3298 | D:2      | Found a bloodstained altar of Trog.
  3659 | D:3      | Noticed JackS81's ghost (amateur MfTm)
  3676 | D:3      | Killed JackS81's ghost
  3676 | D:3      | Reached XP level 6. HP: 26/43 MP: 2/9
  4418 | D:4      | Noticed a phantom
  4485 | D:4      | Killed a phantom
  4485 | D:4      | Reached XP level 7. HP: 24/48 MP: 3/10
  4639 | D:4      | Learned a level 4 spell: Ice Form
  5146 | D:4      | Reached XP level 8. HP: 20/54 MP: 4/11
  5852 | D:4      | Found an ancient bone altar of Kikubaaqudgha.
  5948 | D:4      | Noticed Edmund
  5959 | D:4      | Killed Edmund
  6002 | D:4      | Found a sacrificial altar of Ru.
  6259 | D:5      | Entered Level 5 of the Dungeon
  6304 | D:5      | Noticed Dowan
  6306 | D:5      | Noticed Duvessa
  6310 | D:5      | Killed Dowan
  6321 | D:5      | Mangled by Duvessa

Vault maps used:
D:1:      dpeg_arrival_shrine
D:2:      nicolae_overflow_hidden_temple, yredelemnul_altar_generic
D:4:      marbit_many_paths, first_bread, nicolae_ru_the_path_less_chosen,
          uniq_edmund
D:5:      nemelex_dance_club_becter, uniq_duvessa

Skill      XL: |  1  2  3  4  5  6  7  8 |
---------------+-------------------------+-----
Unarmed Combat | 4 5 6 7 9 |  9.0
Transmutations | 3 4 6 8 9 |  9.1
Fighting       | |  1.1
Dodging        | |  2.6
Spellcasting   | |  2.0

Action                   |  1- 3 |  4- 6 |  7- 9 || total
-------------------------+-------+-------+-------++-------
Melee: Unarmed           |   119 |   110 |   105 ||   334
       Headbutt          |    13 |     9 |       ||    22
       Punch             |     3 |       |       ||     3
 Fire: Blowgun           |       |     7 |       ||     7
Throw: Tomahawk          |       |     8 |    12 ||    20
 Cast: Beastly Appendage |    24 |    10 |       ||    34
       Sticks to Snakes  |     6 |    10 |     4 ||    20
       Spider Form       |     2 |    10 |    10 ||    22
       Ice Form          |       |       |     3 ||     3
  Use: Scroll            |     1 |     4 |       ||     5
       Potion            |       |     5 |     2 ||     7
 Stab: Sleeping          |     3 |     1 |     1 ||     5
       Distracted        |       |       |     1 ||     1
  Eat: Chunk             |     4 |     6 |     8 ||    18
       Bread ration      |       |     1 |       ||     1
Armor: Robe              |     9 |     6 |       ||    15
       Skin              |       |     3 |    13 ||    16
Dodge: Dodged            |    69 |    86 |    61 ||   216

Table legend:
 A = Spawn XP
 B = Non-spawn XP
 C = Spawn XP percentage of total XP
 D = Spawn monster count
 E = Non-spawn monster count
 F = Spawn count percentage of total count
 G = Total turns spent on level
                    A         B        C        D         E        F      G
               +---------+---------+-------+---------+---------+-------+---------
         Total |       0 |    1860 |   0.0 |       0 |     106 |   0.0 |  6321
               +---------+---------+-------+---------+---------+-------+---------
           D:1 |       0 |      41 |   0.0 |       0 |      23 |   0.0 |  1329
           D:2 |       0 |     261 |   0.0 |       0 |      25 |   0.0 |  2122
           D:3 |       0 |     230 |   0.0 |       0 |      18 |   0.0 |   958
           D:4 |       0 |    1217 |   0.0 |       0 |      37 |   0.0 |  1850
           D:5 |       0 |     111 |   0.0 |       0 |       3 |   0.0 |    62
               +---------+---------+-------+---------+---------+-------+---------
